 Dungeon Sprint DCSS version 0.28-a0-224-g76b539d98b (webtiles) character file.

Game seed: 2512592216213391118

36 tbh1313 the Cleaver (level 3, -3/31 HPs)
             Began as a Minotaur Fighter on Aug 22, 2021.
             Slain by a water elemental (17 damage)
             ... in the Dungeon (Sprint III: "The Ten Rune Challenge").
             The game lasted 00:00:49 (564 turns).

tbh1313 the Cleaver (Minotaur Fighter)               Turns: 564, Time: 00:00:49

Health: -3/31      AC:  6    Str: 20    XL:     3   Next: 19%
Magic:  2/2        EV:  9    Int:  6    God:
Gold:   0          SH:  0    Dex:  9    Spells: 2/2 levels left

rFire   . . .      SeeInvis .   a - +0 war axe
rCold   . . .      Faith    .   (no shield)
rNeg    . . .      Spirit   .   b - +0 scale mail
rPois   .          Reflect  .   (helmet restricted)
rElec   .          Harm     .   (no cloak)
rCorr   .          Rampage  .   (no gloves)
Will    .....      NoTele   +   (no boots)
Stlth   ..........              (no amulet)
HPRegen 0.10/turn               (no ring)
MPRegen 0.08/turn               (no ring)

@: mighty, engulfed (cannot breathe)
A: horns 2, retaliatory headbutt
a: no special abilities


You were in the Dungeon.
You visited 1 branch

Inventory:

Hand Weapons
 a - a +0 war axe (weapon)
Armour
 b - a +0 scale mail (worn)
 c - a +0 kite shield
Scrolls
 j - a scroll of blinking
 k - a scroll of identify {unknown}
Potions
 e - a potion of curing
 f - a potion of heal wounds
 g - a potion of haste
 h - 2 potions of magic
 i - a potion of berserk rage


   Skills:
 - Level 3.6 Fighting
 + Level 8.1 Axes
 - Level 3.6 Armour
 - Level 3.6 Shields


You had 2 spell levels left.
You didn't know any spells.
Your spell library was empty.

Dungeon Overview and Level Annotations

Branches:
Dungeon (1/1)

Altars:


Innate Abilities, Weirdness & Mutations

You have a pair of horns on your head.
You reflexively headbutt those who attack you in melee.


Message History

You start resting.
You start resting.
HP restored.
A wolf comes into view.
The wolf howls!
Sorry, you're not good enough to have a special ability.
The wolf barely misses you. You furiously retaliate!
You headbutt the wolf, but do no damage.
You closely miss the wolf. Your headbutt misses the wolf. The wolf bites you.
The wolf bites you!
You closely miss the wolf. Your headbutt misses the wolf. The wolf bites you.
The wolf bites you but does no damage.
You closely miss the wolf. Your headbutt misses the wolf.
The wolf closely misses you. The wolf bites you.
You slash the wolf! You headbutt the wolf.
You kill the wolf!
Your Axes skill increases to level 8!
You have reached level 3!
Your experience leads to an increase in your attributes!
Increase (S)trength, (I)ntelligence, or (D)exterity?
You feel clever.
You start resting.
HP restored.
You open the door.
A water elemental comes into view.
The water elemental moves out of view.
You barely miss the water elemental. The water elemental hits you.
The water elemental engulfs you in water!
You hit the water elemental but do no damage.
You headbutt the water elemental.
The water elemental is lightly damaged.
Your lungs strain for air!
The water elemental barely misses you.
You are too injured to fight recklessly!
Sorry, you're not good enough to have a special ability.
You feel very mighty all of a sudden.
Your lungs strain for air!
The water elemental hits you!
Ouch! That really hurt!
You die...

▓▓▓ ▓▓▓ <.# ♣.# ..# ....
♣♣.# #'####....♣ ♣..#
.....#....≈. ♣..# #+#+#
.....#...≈≈♣♣♣♣♣.#......
....[#..≈≈≈≈.♣.♣@E.⌠....
####'#..≈≈≈≈≈≈♣..#...###
...††#.≈≈≈≈≈≈....#.⌠.#
.....#.≈≈≈≈≈.....# ..#
.....#.≈≈≈.......# ###
'#####...........#
.................#
▓▓▓▓▓▓▓▓▓▓▓▓▓▓▓▓▓▓


You could see a water elemental.

Levels and vault maps discovered:
D:        dungeon_sprint_mu [sprint_mu_entry_forest, sprint_mu_temple_rooms,
          sprint_mu_d1_horrors, sprint_mu_d2_genie, sprint_mu_d3_branching,
          sprint_mu_orc_legion, sprint_mu_elf_gauntlet, sprint_mu_hive_nellie,
          sprint_mu_lair_fedhas, sprint_mu_vaults_butterflies,
          sprint_mu_slime_circle, sprint_mu_swamp_cave, sprint_mu_snake_twists,
          sprint_mu_blade_basic, sprint_mu_crypt_fortress,
          sprint_mu_tomb_spiral, sprint_mu_vestibule_basic,
          sprint_mu_gehenna_hellfire, sprint_mu_dis_giant,
          sprint_mu_tartarus_statrot, sprint_mu_cocytus_islands, sprint_mu_zot1]

Notes
Turn   | Place    | Note
-------+----------+-------------------------------------------
     0 | D        | tbh1313 the Minotaur Fighter began the quest for the Orb.
     0 | D        | Reached XP level 1. HP: 19/19 MP: 0/0
     4 | D        | Reached skill level 3 in Axes
    39 | D        | Reached skill level 4 in Axes
    70 | D        | Reached skill level 7 in Axes
    70 | D        | Reached XP level 2. HP: 3/26 MP: 1/1
   365 | D        | Reached skill level 8 in Axes
   365 | D        | Reached XP level 3. HP: 12/31 MP: 2/2
   560 | D        | Noticed a water elemental
   564 | D        | Slain by a water elemental

Table legend: (Time is in decaauts)
 A = Elapsed time spent in this place.
 B = Non-inter-level travel time spent in this place.
 C = Inter-level travel time spent in this place.
 D = Time resting spent in this place.
 E = Time spent auto-exploring this place.
 F = Levels seen in this place.
 G = Mean time per level.
                   A        B        C        D        E       F      G
               +--------+--------+--------+--------+--------+-----+--------+
         Total |    570 |    570 |      0 |    471 |     47 |   1 |  570.0 |
       Dungeon |    570 |    570 |      0 |    471 |     47 |   1 |  570.0 |
               +--------+--------+--------+--------+--------+-----+--------+

Top non-repeatable levels by time:
       D: 570 daAuts

Table legend:
 A = Kills in this place as a percentage of kills in entire the game.
 B = Kills by you in this place as a percentage of kills by you in the entire game.
 C = Kills by friends in this place as a percentage of kills by friends in the entire game.
 D = Other kills in this place as a percentage of other kills in the entire game.
 E = Experience gained in this place as a percentage of experience gained in the entire game.
 F = Experience gained in this place divided by the number of levels of this place that you have seen.
                   A       B       C       D       E      F
               +-------+-------+-------+-------+-------+----------------------
         Total | 100.0 | 100.0 |   N/A |   N/A | 100.0 |  52.0
       Dungeon | 100.0 | 100.0 |   N/A |   N/A | 100.0 |  52.0
               +-------+-------+-------+-------+-------+----------------------

Action                   || total
-------------------------++-------
Melee: War axe           ||    23
       Headbutt          ||     7
  Use: Potion            ||     1
Armor: Scale mail        ||     8
Dodge: Dodged            ||     8
Block: Kite shield       ||     2

Vanquished Creatures
  A human (D)
  A wolf (D)
  An endoplasm (D)
  3 rats (D)
6 creatures vanquished.

Vanquished Creatures (others)
  5 plants (D)
5 creatures vanquished.

Grand Total: 11 creatures vanquished
